Construct Weapon Support Center
Mechanized Support Center
Selects Airborne Battlegroup
Selects Paratrooper Squad Paradrop
Paratrooper Squad Paradrop
Construct Medical Station
Selects Anti-tank Gun Team Paradrop
Anti-tank Gun Team Paradrop
Paratrooper Squad Paradrop
M4(105) Sherman Bulldozer
Paratrooper Squad Paradrop
Selects Dual P-47 Rocket Strike
M4(105) Sherman Bulldozer
M18 Hellcat Tank Destroyer
M18 Hellcat Tank Destroyer